 Dungeon Crawl Stone Soup version 0.30-a0-782-ge64f9170bb (webtiles) character file.

Game seed: 1308587251065869778

1390 Dirian the Cleaver (level 8, 0/73 HPs)
             Began as a Minotaur Fighter on Mar 5, 2023.
             Was an Initiate of Ru.
             Succumbed to a water moccasin's poison
             ... on level 5 of the Dungeon.
             The game lasted 00:07:33 (3757 turns).

Dirian the Cleaver (Minotaur Fighter)               Turns: 3757, Time: 00:07:33

Health: 0/73       AC:  5    Str: 24    XL:     8   Next: 40%
Magic:  7/7        EV:  7    Int:  5    God:    Ru [......]
Gold:   333        SH:  9    Dex:  9    Spells: 7/7 levels left

rFire   . . .      SeeInvis .    a - +1 war axe
rCold   . . .      Faith    .    c - +0 buckler
rNeg    . . .      Spirit   .    u - +0 chain mail
rPois   +          Reflect  +    (helmet restricted)
rElec   .          Harm     .    (no cloak)
rCorr   .          Rampage  .    (no gloves)
Will    .....                    (no boots) Stlth
                                 f - amulet of reflection
HPRegen 0.32/turn                o - ring of poison resistance
MPRegen 0.10/turn                d - +4 ring of slaying

@: lethally poisoned (0 -> -2), corroded
A: horns 2, no stealth, retaliatory headbutt
a: Renounce Religion


You were on level 5 of the Dungeon.
You worshipped Ru.
Ru was noncommittal.
You visited 1 branch of the dungeon, and saw 7 of its levels.

You collected 333 gold pieces.

Inventory:

Hand Weapons
 a - a +1 war axe (weapon)
 g - a +0 war axe
Armour
 c - a +0 buckler (worn)
 s - +1 shadow dragon scales
 u - a +0 chain mail (worn)
Jewellery
 d - a +4 ring of slaying (right hand)
 e - an amulet of regeneration
 f - an amulet of reflection (around neck)
 o - a ring of poison resistance (left hand)
Wands
 b - a wand of roots (18)
 j - a wand of flame (14)
 v - a wand of digging (5)
 B - a wand of paralysis (9)
Scrolls
 h - a scroll of vulnerability
 i - a scroll of enchant armour
 k - a scroll of poison
 p - a scroll of enchant weapon
 r - 2 scrolls of identify
 t - 5 scrolls of teleportation
 y - a scroll of noise {unknown}
 A - a scroll of immolation {unknown}
Potions
 l - a potion of attraction {unknown}
 m - a potion of ambrosia
 n - 2 potions of brilliance
 q - 3 potions of curing
 w - 2 potions of mutation
 x - a potion of berserk rage
 z - a potion of haste {unknown}


   Skills:
 * Level 7.1 Fighting
 + Level 9.7 Axes
 + Level 5.3 Armour
 - Level 5.0 Shields


You had 7 spell levels left.
You didn't know any spells.
Your spell library was empty.

Dungeon Overview and Level Annotations

Branches:
Dungeon (7/15) Zot: 26032  Temple (0/1) D:4

Altars:
Ashenzari
Fedhas
Gozag
Hepliaklqana
Makhleb
Nemelex Xobeh
Ru
Uskayaw


Innate Abilities, Weirdness & Mutations

You have a pair of horns on your head.
You cannot be stealthy.
You reflexively headbutt those who attack you in melee.


Message History

You miss the water moccasin.
You feel very sick. You block the water moccasin's attack.
The water moccasin closely misses you.
You closely miss the adder. You headbutt the adder.
You kill the adder!
You hit the adder. You closely miss the water moccasin.
You feel very sick. The adder bites you. The water moccasin closely misses you.
You hit the adder.
The adder is severely wounded.
You closely miss the water moccasin.
You feel very sick.
The water moccasin bites you but does no damage.
You block the adder's attack. The water moccasin barely misses you.
The adder bites you but does no damage.
You barely miss the adder.
The adder is severely wounded.
You slash the water moccasin!
You feel sick. You block the water moccasin's attack.
The adder bites you but does no damage.
You closely miss the adder.
The adder is severely wounded.
You slash the water moccasin!
You feel sick. The water moccasin bites you.
* * * LOW HITPOINT WARNING * * *
The adder bites you but does no damage. The water moccasin barely misses you.
You furiously retaliate!
You headbutt the water moccasin!
You kill the water moccasin!
The adder bites you but does no damage.
Your Fighting skill increases to level 7!
You slash the adder!
You kill the adder!
You feel sick.
You barely miss the jelly.
You feel sick. The jelly hits you.
* * * LOW HITPOINT WARNING * * *
The acid corrodes you!
You are splashed with acid!
* * * LOW HITPOINT WARNING * * *
You slash the jelly!
Your hands burn!
* * * LOW HITPOINT WARNING * * *
You headbutt the jelly!
You kill the jelly!
You die...

.......##......#...##....!##
..####.##.....##...#.......#
.....#.#).....##...'†......#
..#^........####...#......)#
P.##.#.###### #...##....(##
P......# #... #...###[..##
.#P#.### ..... #...# #####
.P##.## .....l#†..# .P....#
.....l)@..# .#....#
......#...# ###...# .....
#...# #...# #... #.....
###...###### #######
...........###
.............. ...........##
###...#####...


You could see 2 iguanas.

Vanquished Creatures
  Pikel (D:4)
  A water moccasin (D:5)
  3 ogres
  Blork the orc (D:4)
  A necrophage (D:4)
  4 scorpions
  2 jellies
  A hound (D:5)
  An iguana (D:5)
  6 adders
  A white imp (D:5)
  2 ufetubi (D:5)
  A worm (D:3)
  9 orcs
  5 ball pythons
  8 bats
  5 endoplasms
  3 giant cockroaches
  2 goblins
  6 hobgoblins
  5 jackals
  4 quokkas
  3 frilled lizards
  A kobold (D:1)
  5 rats
81 creatures vanquished.

Vanquished Creatures (others)
  6 plants
6 creatures vanquished.

Grand Total: 87 creatures vanquished

Notes
Turn   | Place    | Note
-------+----------+-------------------------------------------
     0 | D:1      | Dirian the Minotaur Fighter began the quest for the Orb.
     0 | D:1      | Reached XP level 1. HP: 19/19 MP: 0/0
   217 | D:1      | Reached XP level 2. HP: 27/27 MP: 1/1
   723 | D:2      | Found a faded altar of an unknown god.
   941 | D:2      | Found a broken altar of Ashenzari.
  1090 | D:2      | Reached XP level 3. HP: 33/33 MP: 2/2
  1365 | D:2      | Reached skill level 3 in Axes
  1604 | D:2      | Prayed at the altar of an unknown god.
  1604 | D:2      | Became a worshipper of Ru the Awakened
  1616 | D:2      | Gained mutation: You cannot be stealthy. [Ru sacrifice]
  1684 | D:3      | Found a hide-covered altar of Uskayaw.
  1918 | D:3      | Reached XP level 4. HP: 40/40 MP: 3/3
  2442 | D:4      | Found a blossoming altar of Fedhas.
  2462 | D:4      | Noticed a scorpion
  2466 | D:4      | Killed a scorpion
  2467 | D:4      | Reached skill level 4 in Axes
  2467 | D:4      | Reached XP level 5. HP: 47/47 MP: 4/4
  2471 | D:4      | Noticed a lemure
  2473 | D:4      | Noticed a lemure
  2473 | D:4      | Noticed a lemure
  2473 | D:4      | Noticed Pikel
  2485 | D:4      | Noticed a lemure
  2494 | D:4      | Killed Pikel
  2495 | D:4      | Reached skill level 5 in Fighting
  2495 | D:4      | Reached skill level 7 in Axes
  2495 | D:4      | Reached skill level 5 in Armour
  2495 | D:4      | Reached skill level 5 in Shields
  2495 | D:4      | Reached XP level 6. HP: 29/56 MP: 5/5
  2495 | D:4      | Reached XP level 7. HP: 31/61 MP: 6/6
  2771 | D:4      | Found a burning altar of Makhleb.
  2784 | D:4      | You fall into a shaft and drop 3 floors!
  2798 | D:5      | Entered Level 5 of the Dungeon
  2920 | D:4      | Reached skill level 8 in Axes
  2957 | D:4      | Noticed Blork the orc
  2970 | D:4      | Killed Blork the orc
  2986 | D:4      | Found a staircase to the Ecumenical Temple.
  3060 | D:4      | Found an opulent altar of Gozag.
  3061 | D:4      | Found a sparkling altar of Nemelex Xobeh.
  3288 | D:5      | Found a hazy altar of Hepliaklqana.
  3401 | D:5      | Reached XP level 8. HP: 70/70 MP: 7/7
  3407 | D:5      | Reached skill level 9 in Axes
  3455 | D:5      | Identified the +0 scale mail of Beogh's Scorn {Regen+}
  3756 | D:5      | HP: 3/73 [acid (11)]
  3757 | D:5      | HP: 1/73 [acid (2)]
  3757 | D:5      | Succumbed to a water moccasin's poison

Illustrated notes

Levels and vault maps discovered:
D:1:      shiori_shiawase, layout_loops_cross
D:2:      minmay_door_path, layout_basic, basic_altar,
          hellmonk_ecumenical_altar_heavens_door, kennysheep_big_empty_room
D:3:      minmay_recursive_quarters, layout_loops_ring,
          nicolae_uskayaw_murder_on_the_dancefloor
D:4:      layout_rooms, mainiacjoe_overflow_catwalk, fedhas_altar_1,
          grunt_temple_overflow_opulence, lemuel_temple_firewalk_b, uniq_pikel,
          uniq_blork_the_orc
D:5:      minmay_opposing_rooms, layout_loops_cross,
          nicolae_hepliaklqana_hazy_memory
D:6:      hangedman_cross_stitches, layout_rooms,
          nicolae_ru_great_annihilating_truth, dreamdust_princess_bridge,
          kennysheep_boxes, uniq_crazy_yiuf_cottage
D:7:      layout_basic, grunt_dithmenos_smoke_and_mirrors,
          nicolae_elevator_lobby_plus

Skill      XL: |  1  2  3  4  5  6  7  8 |
---------------+-------------------------+-----
Fighting       | 4 5 6 7 |  7.1
Armour         | 4 5 |  5.3
Shields        | 4 5 |  5.0
Axes           | 3 4 7 8 9 |  9.7

Action                     |  1- 3 |  4- 6 |  7- 9 || total
---------------------------+-------+-------+-------++-------
  Melee: War axe           |    73 |    40 |   102 ||   215
         Headbutt          |     5 |     5 |    18 ||    28
 Invoke: Sacrifice Stealth |     1 |       |       ||     1
    Use: Potion            |       |     1 |       ||     1
         Scroll            |       |       |    14 ||    14
 Armour: Scale mail        |    31 |    18 |       ||    49
         Chain mail        |       |       |    42 ||    42
  Dodge: Dodged            |    26 |    17 |    31 ||    74
  Block: Buckler           |    32 |    20 |    49 ||   101

Table legend: (Time is in decaauts)
 A = Elapsed time spent in this place.
 B = Non-inter-level travel time spent in this place.
 C = Inter-level travel time spent in this place.
 D = Time resting spent in this place.
 E = Time spent auto-exploring this place.
 F = Levels seen in this place.
 G = Mean time per level.
                   A        B        C        D        E       F      G
               +--------+--------+--------+--------+--------+-----+--------+
         Total |   3812 |   3616 |    196 |     31 |   2916 |   7 |  544.6 |
       Dungeon |   3812 |   3616 |    196 |     31 |   2916 |   7 |  544.6 |
               +--------+--------+--------+--------+--------+-----+--------+

Top non-repeatable levels by time:
     D:2: 1061 daAuts
     D:3: 796 daAuts
     D:4: 734 daAuts
     D:1: 618 daAuts
     D:5: 587 daAuts
     D:7: 10 daAuts
     D:6: 2 daAuts
